 Dungeon Crawl Stone Soup version 0.29-a0-111-gbaf749a769 (webtiles) character file.

Game seed: 17364613208769853251

36 drugrobin the Skirmisher (level 3, 0/31 HPs)
             Began as a Demigod Warper on Feb 18, 2022.
             Slain by a goblin (2 damage)
             ... led by Robin
             ... on level 2 of the Dungeon.
             The game lasted 00:02:31 (1255 turns).

drugrobin the Skirmisher (Demigod Warper)           Turns: 1255, Time: 00:02:32

Health: 0/31       AC:  6    Str: 16    XL:     3   Next: 5%
Magic:  3/8        EV: 10    Int: 15    God:
Gold:   50         SH:  0    Dex: 19    Spells: 0/5 levels left

rFire   . . .      SeeInvis .   a - +0 spear
rCold   . . .      Faith    .   (no shield)
rNeg    . . .      Spirit   .   f - +0 scale mail
rPois   .          Reflect  .   (no helmet)
rElec   .          Harm     .   (no cloak)
rCorr   .          Rampage  .   (no gloves)
Will    .....                   (no boots)
Stlth   ..........              k - amulet of magic regeneration
HPRegen 0.10/turn               m - +6 ring of dexterity
MPRegen 0.51/turn               (no ring)

@: very slightly contaminated
A: high MP 1, forlorn, divine attributes
a: no special abilities


You were on level 2 of the Dungeon.
You visited 1 branch of the dungeon, and saw 2 of its levels.

You collected 50 gold pieces.

Inventory:

Hand Weapons
 a - a +0 spear (weapon)
Missiles
 d - 5 boomerangs of dispersal
 h - 71 stones (quivered)
Armour
 b - a +0 leather armour
 f - a +0 scale mail (worn)
Jewellery
 k - an amulet of magic regeneration (around neck)
 m - a +6 ring of dexterity (left hand)
Scrolls
 e - a scroll of silence {unknown}
 i - 2 scrolls of identify {unknown}
 j - 2 scrolls of magic mapping {unknown}
 l - a scroll of teleportation {unknown}
Potions
 g - a potion of brilliance {unknown}


   Skills:
 + Level 3.3 Fighting
 - Level 1.7 Polearms
 - Level 0.8 Throwing
 - Level 0.8 Armour
 - Level 1.7 Dodging
 - Level 1.7 Spellcasting
 - Level 2.6 Translocations


You couldn't memorise any spells.
You knew the following spells:

 Your Spells              Type           Power      Damage    Failure   Level
a - Blink                 Tloc           18%        N/A       41%         2
b - Teleport Other        Tloc           9%         N/A       65%         3

Your spell library contained the following spells:

 Spells                   Type           Power      Damage    Failure   Level
 Gell's Gravitas          Tloc           9%         N/A       65%         3
 Lesser Beckoning         Tloc           9%         N/A       65%         3
 Manifold Assault         Tloc           9%         N/A       100%        5


Dungeon Overview and Level Annotations

Branches:
Dungeon (2/15)

Annotations:
D:2 Robin


Innate Abilities, Weirdness & Mutations

You have an increased reservoir of magic. (+10% MP)
You shall have no god before yourself.
Your divine heritage dramatically boosts your attributes as you level up.


Message History

Unknown command.
Unknown command.
Casting: Blink (quite dangerous; 41% risk of failure)
Confirm with . or Enter, or press ? or * to list all spells.
The spell is quite dangerous to miscast (41% risk of failure)!
Continue anyway?
You miscast Blink.
Nothing appears to happen.
The goblin closely misses you. The goblin misses you.
The goblin hits you but does no damage. The hobgoblin hits you.
* * * LOW HITPOINT WARNING * * *
Unknown command.
Unknown command.
Unknown command.
Casting: Blink (quite dangerous; 41% risk of failure)
Confirm with . or Enter, or press ? or * to list all spells.
The spell is quite dangerous to miscast (41% risk of failure)!
Continue anyway?
You miscast Blink.
Nothing appears to happen.
The goblin hits you but does no damage. The goblin closely misses you.
The goblin hits you but does no damage. The hobgoblin hits you.
* * * LOW HITPOINT WARNING * * *
Unknown command.
Unknown command.
Unknown command.
Casting: Blink (quite dangerous; 41% risk of failure)
Confirm with . or Enter, or press ? or * to list all spells.
The spell is quite dangerous to miscast (41% risk of failure)!
Continue anyway?
You miscast Blink.
Nothing appears to happen.
The goblin hits you with a +0 dagger.
* * * LOW HITPOINT WARNING * * *
The goblin hits you with a +0 dagger.
* * * LOW HITPOINT WARNING * * *
The goblin closely misses you. The hobgoblin hits you.
* * * LOW HITPOINT WARNING * * *
Unknown command.
Blink to where?
Press: ? - help, Dir - move target
As you read the scroll of blinking, it crumbles to dust.
Unknown command.
Unknown command.
The goblin hits you with a +0 dagger.
You die...

#.......# #..#
#..## # #..#
#...# #.
.####.###.#.#
...
..........#.#
..#.
.####...###)#
#...## #...#
#.#
#.ggg###...#
#.#
#.gggg)g@..#
#.#
#...g###..##
#.# ###.# #..#
#.# #. #..#
#.#
#.####..####.#
.........†...#
#.############


You could see Robin, 3 hobgoblins and 5 goblins.

Vanquished Creatures
  An adder (D:2)
  A dart slug (D:1)
  2 ball pythons
  A giant cockroach (D:1)
  6 goblins
  5 hobgoblins
  2 bats (D:1)
  A frilled lizard (D:1)
  2 kobolds
  2 rats (D:1)
23 creatures vanquished.

Notes
Turn   | Place    | Note
-------+----------+-------------------------------------------
     0 | D:1      | drugrobin the Demigod Warper began the quest for the Orb.
     0 | D:1      | Reached XP level 1. HP: 17/17 MP: 5/5
   132 | D:1      | Reached skill level 2 in Fighting
   659 | D:1      | Reached XP level 2. HP: 18/25 MP: 7/7
   938 | D:1      | Learned a level 2 spell: Blink
   957 | D:1      | Reached skill level 3 in Fighting
  1172 | D:2      | Reached XP level 3. HP: 25/31 MP: 8/8
  1228 | D:2      | Learned a level 3 spell: Teleport Other
  1234 | D:2      | Noticed Robin
  1253 | D:2      | HP: 1/31 [hobgoblin[Robin] (2)]
  1255 | D:2      | Slain by a goblin

Illustrated notes

Levels and vault maps discovered:
D:1:      heliophobic_arrival_glass_houses, layout_basic,
          hellmonk_ecumenical_altar_zigzags
D:2:      layout_loops_ring, basic_altar, uniq_robin, uniq_terence

Skill      XL: |  1  2 |
---------------+-------+-----
Fighting       | 2 3 |  3.3
Polearms       | |  1.7
Throwing       | |  0.8
Armour         | |  0.8
Dodging        | |  1.7
Spellcasting   | |  1.7
Translocations | |  2.6

Action                   || total
-------------------------++-------
Melee: Spear             ||    95
Throw: Stone             ||    12
  Use: Scroll            ||     1
Armor: Scale mail        ||    51
Dodge: Dodged            ||    61

Table legend: (Time is in decaauts)
 A = Elapsed time spent in this place.
 B = Non-inter-level travel time spent in this place.
 C = Inter-level travel time spent in this place.
 D = Time resting spent in this place.
 E = Time spent auto-exploring this place.
 F = Levels seen in this place.
 G = Mean time per level.
                   A        B        C        D        E       F      G
               +--------+--------+--------+--------+--------+-----+--------+
         Total |   1255 |   1233 |     22 |     69 |    906 |   2 |  627.5 |
       Dungeon |   1255 |   1233 |     22 |     69 |    906 |   2 |  627.5 |
               +--------+--------+--------+--------+--------+-----+--------+

Top non-repeatable levels by time:
     D:1: 1122 daAuts
     D:2: 133 daAuts
